[Event "FIDE WSTC Open 50 2025"]
[Site "Prague"]
[Date "2025.02.17"]
[Round "1.16"]
[White "Marin Aso, Jose Luis"]
[Black "D'Amore, Carlo"]
[Result "0-1"]
[Annotator "TA"]
[ECO "B06"]
[WhiteElo "1948"]
[BlackElo "2362"]
[PlyCount "77"]
[EventDate "2025.02.17"]
[EventType "team-tourn"]
[EventCountry "CZE"]
[SourceTitle "playchess.com"]
[Source "ChessBase"]
[SourceQuality "1"]
[TimeControl "40/5400+30:1800+30"]

1. e4 g6 2. d4 Bg7 3. Nc3 d6 4. f4 a6 5. Nf3 b5 6. Bd3 Bb7 7. O-O Nd7 8. a4 c5 9. axb5 cxd4 10. Ne2 (10. bxa6 $2 dxc3 11. e5 Bxa6 (11... dxe5 $2 12. b4 $19) 12. Bxa6 (12. Rxa6 $2 Rxa6 13. Bxa6 Qb6+ 14. Qd4 Qxa6 $19) 12... Qb6+ (12... dxe5 13. Kh1 $17) 13. Qd4 Rxa6 $19) (10. Na4 $14) 10... Qb6 (10... axb5 $11 {might be stronger.} 11. Rxa8 Bxa8) 11. Bd2 Ngf6 12. Ba5 (12. Nfxd4 axb5 (12... Bxe4 13. Ba5 $14) (12... Nxe4 13. Be3 $11) 13. e5 dxe5 14. fxe5 Nxe5 15. Bxb5+ Nfd7 $19) 12... Qa7 13. e5 Ng4 14. bxa6 Bxa6 (14... Bxf3 $1 $15 {keeps the upper hand.} 15. Rxf3 (15. gxf3 Ne3 $15) 15... dxe5) 15. Bd2 (15. Nexd4 Ne3 16. Qe1 (16. Nc6 $2 Qc5 $19) 16... Bxd3 $17 (16... Nxf1 17. Bc3 $15)) 15... Qb6 16. Qc1 (16. Nfxd4 dxe5 17. fxe5 Bb7 $19 (17... Ngxe5 18. Bxa6 Rxa6 19. Rxa6 $15) (17... Ndxe5 18. Bb5+ Nd7 19. c3 $11) (17... Bxe5 18. Rxa6 Rxa6 19. Bxa6 $17)) (16. Nexd4 dxe5 17. Bxa6 exd4 $19) (16. Rxa6 $14 Rxa6 17. Bxa6 (17. Nexd4 Ra7 $17) (17. h3 dxe5 18. hxg4 e4 $11) 17... Qxa6 18. Qa1 (18. Nfxd4 dxe5 19. fxe5 Ngxe5 $15)) 16... dxe5 $17 {[%emt 0:04:17][%cal Oe5e4] [#] Hoping for ...e4!.} 17. fxe5 O-O (17... Ndxe5 18. Bxa6 Rxa6 19. Rxa6 Qxa6 20. Nfxd4 $17) ({Worse is} 17... Bxe5 18. h3 Ne3 19. Bxe3 dxe3 20. Nxe5 Nxe5 21. Bxa6 Rxa6 22. Rxa6 Qxa6 23. Qxe3 $11) 18. Ng3 (18. Rxa6 $17 Rxa6 19. e6) 18... Bxd3 $19 (18... Bxe5 19. Nxe5 Ngxe5 (19... Ndxe5 20. Bxa6 Rxa6 21. Rxa6 $17) 20. Rxa6 Rxa6 21. Bxa6 Qxa6 22. Bb4 $19) 19. cxd3 Rxa1 (19... Bxe5 20. Rxa8 Rxa8 21. Ne4 $17) 20. Qxa1 Ngxe5 (20... Bxe5 21. Ne4) 21. Qa3 Nxf3+ 22. Rxf3 Ne5 23. Rf1 Qb7 24. Ra1 h5 25. Ne4 Qb5 {[%emt 0:01:56] Black is more active.} 26. Qxe7 Qxd3 ({But not} 26... Nxd3 27. b4 $17) 27. Nf6+ Bxf6 28. Qxf6 Qxd2 29. Qxe5 {[%emt 0:00:04][%mdl 4096] Endgame KQR-KQR. Black is a pawn up.} Rc8 (29... Qxb2 $19 30. Rf1 Qb6) 30. b3 $2 (30. Rf1 $17) 30... Rc1+ 31. Rxc1 Qxc1+ {[%emt 0:00:04] KQ-KQ. Black is a pawn up.} 32. Kf2 d3 {[%emt 0:00:24] ( -> ...d2)} 33. Qe8+ Kg7 {[%emt 0:00:06] ( -> ...Qc2+)} 34. Qe5+ Kh7 35. Qd5 $2 {[%emt 0:01:21] [#]} (35. Qe7 $19 Qf4+ 36. Ke1) 35... Qd2+ {[%emt 0:00:22] Black mates.} 36. Kg3 Qe1+ 37. Kf3 Qe2+ 38. Kf4 Qf2+ 39. Qf3 {Weighted Error Value: White=0.70/Black=0.20 (precise)   Loses game:     	White=1     	---        Mistake:       	White=4     	Black=3      Inaccurate:     	White=2     	Black=1      OK:         	White=6     	Black=13     Best:        	White=4     	Black=5} 0-1

[Event "FIDE WSTC Open 50 2025"]
[Site "Prague"]
[Date "2025.02.17"]
[Round "1.18"]
[White "Temirbayev, Serikbay"]
[Black "Bulanova, Irina"]
[Result "1-0"]
[Annotator "TA"]
[ECO "D30"]
[WhiteElo "2372"]
[BlackElo "1937"]
[PlyCount "41"]
[EventDate "2025.02.17"]
[EventType "team-tourn"]
[EventCountry "CZE"]
[SourceTitle "playchess.com"]
[Source "ChessBase"]
[SourceQuality "1"]
[TimeControl "40/5400+30:1800+30"]

1. d4 d5 2. c4 e6 3. Nf3 c5 4. cxd5 exd5 5. g3 Nc6 6. Bg2 Nf6 7. O-O cxd4 8. Nxd4 Bc5 {[%emt 0:00:28] [#] 8...Bc5 is better than 8...Be7.} (8... Be7 $14 {might be stronger.}) 9. Nxc6 $1 $16 {[%emt 0:04:36] D30: Queen's Gambit Declined: Systems without Nc3.} bxc6 {[%emt 0:00:29] [#]} 10. Qc2 $1 Bb6 (10... Qb6 $142) 11. Qxc6+ {[%emt 0:02:44][%csl Oa7,Od5] Black has weak pawns. White is better.} Bd7 12. Qd6 {[%emt 0:02:52][%cal Ob1c3] White has more active pieces.} Bc7 (12... Rc8 $16) 13. Qa3 $18 Bc6 $146 (13... h5 14. Bg5 Be6 15. Nc3 h4 16. Rfd1 hxg3 17. hxg3 Rh5 18. Nxd5 Bxd5 19. Rxd5 Nxd5 20. Bxd8 Rxd8 {1-0 Karmanova,O (2301)-Munkhpurev,M (2035) Wch U18 Girls 2024 (2)}) 14. Bg5 Bd6 15. Qe3+ Kf8 (15... Qe7 {was called for.} 16. Rc1 Qxe3 17. Bxe3 Be5) 16. Nc3 h6 17. Bxf6 Qxf6 18. Rad1 g6 (18... Re8 $142) 19. Bxd5 Bxd5 20. Rxd5 {[%emt 0:02:11] and Ne4 should not be overlooked} (20. Nxd5 Qxb2 21. Qd3 h5 $16) 20... Rb8 $2 (20... Be7 21. Rfd1 Rc8 22. Qxa7 Kg7) 21. Ne4 {[%emt 0:00:16] Black did not feel at home in the position after the opening.   Weighted Error Value: White=0.00 (flawless) /Black=0.80  Mistake:       	---       	Black=5      OK:         	White=6     	Black=1      Best:        	White=2     	Black=1      Strong:       	White=1     	---} 1-0

[Event "FIDE WSTC Open 50 2025"]
[Site "Prague"]
[Date "2025.02.17"]
[Round "1.19"]
[White "Son, Asya"]
[Black "Tikzhanov, Yerlan"]
[Result "0-1"]
[Annotator "TA"]
[ECO "C03"]
[WhiteElo "2097"]
[BlackElo "2323"]
[PlyCount "64"]
[EventDate "2025.02.17"]
[EventType "team-tourn"]
[EventCountry "CZE"]
[SourceTitle "playchess.com"]
[Source "ChessBase"]
[SourceQuality "1"]
[TimeControl "40/5400+30:1800+30"]

1. e4 e6 2. d4 d5 3. Nd2 a6 4. Ngf3 c5 5. exd5 exd5 6. Bd3 {[%emt 0:03:30] C08: French Tarrasch: 3...c5 4 exd5 exd5 sidelines.} c4 7. Be2 Nf6 8. O-O {[%emt 0:09:40] The position is equal.} Bd6 9. c3 Nc6 10. b3 b5 11. a4 {[%emt 0:05:45] aiming for axb5.} Bb7 12. Ba3 $146 (12. Re1 O-O 13. bxc4 bxc4 14. Ba3 Bxa3 15. Rxa3 Re8 16. Bf1 Rxe1 17. Qxe1 Bc8 18. Ra1 {1-0 Orozbaev,E (1973)-Bilokha,S (2137) Bogdanovich Memorial Qual 1 blitz 2021 (1)}) 12... O-O 13. Bxd6 Qxd6 14. b4 Rae8 15. Re1 Ne4 16. Qc2 Re7 17. Nf1 Rfe8 18. Ng3 g6 {[%emt 0:00:53] Wards off Nf5} 19. Bf1 f5 20. axb5 axb5 21. Qc1 {[%emt 0:04:14] [#]} f4 $1 22. Ne2 {[%emt 0:01:34][%csl Oe4] Strong Square Black (e4)} g5 $36 {[%emt 0:01:03][%mdl 2048] Black is in control.} 23. g3 Rf8 {[%emt 0:03:35] ...fxg3 is the strong threat. Black is much more active.} 24. g4 {[%emt 0:05:32] Loses the game.} (24. Bg2 $17) 24... Bc8 25. h3 $2 {[%emt 0:00:19] [#]} (25. Ne5) 25... h5 $1 $19 26. gxh5 (26. Ra8 hxg4) 26... Qh6 27. Ra8 Qxh5 28. Ne5 Nxe5 29. dxe5 Bxh3 {[%emt 0:00:15] ( -> ...Qf3)} 30. Rxf8+ Kxf8 31. Bxh3 Qxh3 32. Nd4 Rh7 {[%emt 0:00:26] Weighted Error Value: White=0.84/Black=0.34  Loses game:     	White=1     	---        Mistake:       	White=1     	---        Inaccurate:     	White=5     	Black=2      OK:         	White=6     	Black=8      Best:        	---       	Black=1      Strong:       	---       	Black=1      Brilliant:      	---       	Black=1} 0-1

[Event "FIDE WSTC Open 50 2025"]
[Site "Prague"]
[Date "2025.02.17"]
[Round "1.20"]
[White "Min, Valeriy"]
[Black "Gaichenya, Yelena"]
[Result "1-0"]
[Annotator "TA"]
[ECO "A05"]
[WhiteElo "2273"]
[BlackElo "1990"]
[PlyCount "79"]
[EventDate "2025.02.17"]
[EventType "team-tourn"]
[EventCountry "CZE"]
[SourceTitle "playchess.com"]
[Source "ChessBase"]
[SourceQuality "1"]
[TimeControl "40/5400+30:1800+30"]

1. Nf3 Nf6 2. c4 c5 3. g3 Nc6 4. Bg2 d6 5. d4 cxd4 6. Nxd4 Bd7 7. Nc3 g6 8. Nc2 Bg7 9. O-O O-O 10. b3 Qc8 11. Re1 {[%emt 0:06:40] A38: Symmetrical English vs ...g6: 4 Bg2 Bg7 5 Nf3 Nf6.} Bh3 12. Bb2 Bxg2 13. Kxg2 {[%emt 0:00:02] The position is equal.} Ne4 $146 (13... Re8 14. e4 Qd7 15. Qe2 Rad8 16. Rad1 Qc8 17. Ne3 e6 18. f3 a6 19. Rd2 Rd7 {1-0 Pinto,D (2198)-Vargas,J (1921) BOL-ch Sucre 2018 (3)}) 14. Na4 Bxb2 15. Nxb2 Qf5 16. Nd3 {[%emt 0:02:18] Successful Defense White} Ng5 17. f3 e5 18. Nf2 Rad8 19. Ne3 Qd7 20. Qd2 {[%emt 0:00:42] White wants to play Nd5.} f5 21. Nd5 Ne6 22. e3 Qf7 23. Rad1 f4 24. exf4 exf4 $2 {[%emt 0:00:16][%mdl 8192] Black cannot hold the game after this.} (24... g5 $1 $14) 25. Ng4 $18 Kh8 {[%emt 0:03:26] [#]} 26. Rxe6 Qxe6 27. Qc3+ (27. gxf4 Qf7 $11) (27. Nxf4 Qe8 28. Qc3+ Ne5 $18) 27... Ne5 28. gxf4 h5 29. Nf2 {[%emt 0:01:22] A dynamic duo of knights.} (29. Nxe5 dxe5 30. Qxe5+ Qxe5 31. fxe5 Rde8 $18) ({And not} 29. fxe5 hxg4 30. f4 (30. exd6+ $2 {perishes.} Kg8 $19) 30... dxe5 $11) 29... Kg8 30. fxe5 dxe5 31. Ne4 {[%emt 0:04:44] White is clearly winning.} Kg7 32. Re1 {[%emt 0:00:47] [#]} Rfe8 33. h4 Qf5 34. Ng5 Kg8 35. Re4 Rd7 36. Qa5 b6 37. Qb5 Kg7 38. Qc6 Rdd8 39. Kg3 {[%emt 0:00:35] And now Nc7 would win.} Rd7 40. Ne3 {[%emt 0:00:40] Weighted Error Value: White=0.32/Black=0.77  Loses game:     	---       	Black=1      Inaccurate:     	White=1     	Black=4      OK:         	White=10    	Black=8      Best:        	White=1     	Black=2} 1-0

[Event "FIDE WSTC Open 50 2025"]
[Site "Prague"]
[Date "2025.02.17"]
[Round "1.21"]
[White "Mrva, Martin"]
[Black "Klimaszewski, Dariusz"]
[Result "1-0"]
[Annotator "TA"]
[ECO "E73"]
[WhiteElo "2394"]
[BlackElo "2152"]
[PlyCount "157"]
[EventDate "2025.02.17"]
[EventType "team-tourn"]
[EventCountry "CZE"]
[SourceTitle "playchess.com"]
[Source "ChessBase"]
[SourceQuality "1"]
[TimeControl "40/5400+30:1800+30"]

1. d4 Nf6 2. c4 g6 3. Nc3 Bg7 4. e4 d6 5. Be2 O-O 6. Be3 c5 7. d5 e6 8. Nf3 {[%emt 0:00:18] E73: King's Indian: Averbakh Variation without 6...c5.} Qe7 $146 ({Predecessor:} 8... Re8 9. Nd2 Na6 10. O-O Nc7 11. Qc2 Rb8 12. a4 Na6 13. Rfe1 Nb4 14. Qb3 e5 15. h3 Nh5 16. Bxh5 gxh5 {0-1 Erigaisi,A (2778)-Indjic,A (2610) CrunchLab Masters PlayIn rapid 2024 (1)}) 9. Nd2 a6 10. a4 {[%emt 0:07:33] White is slightly better.} a5 11. h4 h5 12. Bg5 Qd7 13. Ra3 Na6 14. g4 (14. O-O $16) 14... Nxg4 $11 15. Bxg4 hxg4 16. h5 {[%emt 0:00:49] White sacrificed a pawn} (16. Qxg4 $11 Nb4 17. Kf1) 16... gxh5 $17 17. Rxh5 ({White should try} 17. dxe6 $15 Qxe6 18. Nd5 (18. Rxh5 $2 Qg6 $19)) 17... e5 $2 (17... f5 $17 {...Qe8 would now be deadly.} 18. Ke2 Nb4) 18. Bh6 f6 {[%emt 0:04:18] Inhibits Rg5.} (18... Bxh6 $1 $11 {keeps the balance.} 19. Rxh6 Kg7) 19. Nf1 (19. Nb5 $16) 19... Bxh6 $1 $11 20. Rxh6 Qg7 $1 {[%emt 0:00:24] Dodges Ng3} 21. Qd2 Nb4 22. Rh5 $1 $36 {[%emt 0:06:56][%mdl 2048] White has some pressure.} Bd7 (22... Kf7 $11) 23. Nb5 $1 $14 Ra6 (23... Bxb5 $1 $14 24. cxb5 Kf7) 24. Ng3 $18 Kf7 25. Nc7 {[%emt 0:08:33] Excellent horsemanship.} Rh8 26. Rxh8 Qxh8 27. Nxa6 bxa6 {[%emt 0:00:13] [#]} 28. Ke2 $1 Qh2 29. Rc3 (29. Qd1 $18) 29... Ke8 $2 (29... Bxa4 $16 30. Nf5 Bd7) 30. b3 Kd8 31. Qe1 Qh6 32. Qc1 Qh4 (32... Qf8 {keeps fighting.} 33. Qh1 Na2) 33. Qe3 Kc7 34. Rc1 Qh2 35. Kd2 Qg2 36. Qe2 Kb6 37. Ke3 Kc7 38. Qd1 Kc8 39. Qh1 Qxh1 (39... Qh3 $142 40. Kd2 (40. Qxh3 gxh3 41. Kd2 Kd8 $18) 40... Kb7 41. Qxh3 gxh3) 40. Nxh1 {[%emt 0:00:16][%mdl 4096] Endgame KRN-KBN} f5 41. exf5 Bxf5 42. Ng3 Bc2 43. Ne4 Bxb3 44. Rh1 Bxa4 45. Rh7 Bc2 46. Nxd6+ Kb8 47. Rb7+ Ka8 48. Rc7 a4 49. Rxc5 a3 50. Ra5 (50. Rc8+ $2 Ka7 51. Nb5+ axb5 $19) 50... Bb1 $2 (50... a2 {is a better chance.} 51. Kd2 e4) 51. Kd2 (51. Rxa3 $2 Nc2+ 52. Ke4 Nxa3+ $19) 51... a2 52. Nb5 (52. Kc3 Nc2 $16) (52. Nf7 $18 {has better winning chances.}) 52... Kb7 $16 53. Nc3 Kb6 54. Ra4 a5 55. d6 Kc6 56. c5 Kxc5 (56... Nd3 $14) 57. d7 {[%emt 0:00:48] Chess con chili.} (57. Rxa5+ Kxd6 58. Ne2 Nc2 59. Ra6+ Ke7 $15) 57... Nc6 58. Nxa2 {[%emt 0:00:57][%cal Oa4a5] White is more active.} (58. Rxg4 $2 a1=Q (58... a1=B $2 {too greedy.} 59. Nxb1 Kd6 60. Rg7 $18) 59. Na4+ Kd6 $19) 58... Kd6 59. Nc3 Bf5 {[%emt 0:00:26] [#]} 60. Rxa5 $1 Kxd7 61. Ra6 Kd6 62. Ke3 Kc5 63. Ne4+ Kd5 64. Nf6+ Kc5 65. Ra8 Ne7 66. Rd8 {[%emt 0:01:11] Inhibits Nd5+.} Kc6 67. Rd1 Ng6 (67... Kc5 $16 68. Nd7+ Bxd7) 68. Ne4 (68. Ng8 $18) 68... Nf4 69. Ng3 Bg6 70. Rd8 Kc7 71. Ra8 Kd7 72. Kd2 Ke6 73. Nf1 {[%emt 0:00:24] Strongly threatening Ne3.} Nh3 ({Black should play} 73... Bd3 74. Ng3 Kf6) 74. Ke1 Kf6 75. Ne3 Kg5 76. Ra5 Kf4 77. Ng2+ Ke4 78. Ra4+ Kf5 (78... Kd3 $142 79. Rxg4 Bf5) 79. Ne3+ {[%emt 0:01:04] Weighted Error Value: White=0.37/Black=0.46  Loses game:     	---       	Black=1      Missed win:     	White=1     	---        Mistake:       	White=6     	Black=11     Inaccurate:     	White=1     	---        OK:         	White=33    	Black=29     Best:        	White=4     	Black=4      Strong:       	White=2     	Black=2} 1-0

[Event "FIDE WSTC Open 50 2025"]
[Site "Prague"]
[Date "2025.02.17"]
[Round "1.22"]
[White "Gacek, Waldemar"]
[Black "Stohl, Igor"]
[Result "1/2-1/2"]
[Annotator "TA"]
[ECO "A05"]
[WhiteElo "2061"]
[BlackElo "2409"]
[PlyCount "30"]
[EventDate "2025.02.17"]
[EventType "team-tourn"]
[EventCountry "CZE"]
[SourceTitle "playchess.com"]
[Source "ChessBase"]
[SourceQuality "1"]
[TimeControl "40/5400+30:1800+30"]

1. Nf3 Nf6 2. c4 e6 3. e3 d5 4. Nc3 c5 5. cxd5 exd5 6. Bb5+ {[%emt 0:01:00] A17: English Opening: 1...Nf6 with ...Bb4.} Bd7 7. Bxd7+ Qxd7 8. d4 {[%emt 0:00:08] White has an edge.} Nc6 9. O-O a6 (9... Rc8 $11 {remains equal.}) 10. b3 $146 (10. Na4 $16) (10. Re1 Be7 11. Ne5 Qc7 12. f4 O-O 13. Qf3 Rad8 14. Bd2 cxd4 15. Nxc6 bxc6 16. exd4 {0-1 Lewis,J (1047)-Alvarez Castillo,H (1850) LSS No Engine Cup 77 Preliminary 5 2012}) 10... cxd4 $14 {[%emt 0:16:57] White is slightly better.} 11. Nxd4 Be7 12. Bb2 O-O 13. Rc1 Rac8 14. Nxc6 Rxc6 15. Qd3 Rfc8 {[%emt 0:09:53] Weighted Error Value: White=0.14 (very precise) /Black=0.25 (precise)   Mistake:       	White=1     	Black=1      Inaccurate:     	---       	Black=1      OK:         	White=3     	Black=5} 1/2-1/2

[Event "FIDE WSTC Open 50 2025"]
[Site "Prague"]
[Date "2025.02.17"]
[Round "1.23"]
[White "Lipka, Juraj"]
[Black "Flis, Pawel"]
[Result "1-0"]
[Annotator "TA"]
[ECO "A05"]
[WhiteElo "2348"]
[BlackElo "1966"]
[PlyCount "111"]
[EventDate "2025.02.17"]
[EventType "team-tourn"]
[EventCountry "CZE"]
[SourceTitle "playchess.com"]
[Source "ChessBase"]
[SourceQuality "1"]
[TimeControl "40/5400+30:1800+30"]

1. Nf3 Nf6 2. g3 g6 3. b3 Bg7 4. Bb2 O-O 5. Bg2 c5 6. c4 Nc6 7. O-O d6 8. d4 cxd4 9. Nxd4 Nxd4 10. Qxd4 Qa5 11. Nc3 Be6 {[%emt 0:20:47][%cal Of6d5] E60: King's Indian: Unusual lines and Fianchetto Variation without Nc3.} 12. Rac1 Ng4 ({Black should play} 12... Rab8 $11) 13. Qd2 $14 Qh5 {[%emt 0:02:04][%csl Gg4][%cal Rh5h2] [#] White is slightly better.} 14. h3 {[%emt 0:04:01][%cal Bh2h3,Bh3h4,Bh4g5][%mdl 32] Successful Defense White} (14. Bxb7 $2 Qxh2#) 14... Nf6 15. h4 $146 (15. Kh2 Rac8 16. Nd5 Nxd5 17. Bxg7 Kxg7 18. cxd5 Bd7 19. Rc3 Qe5 20. Rfc1 Rxc3 21. Rxc3 {0-1 Guevara,C (2126)-Arias,L (2252) Managua Sub zt 2.3.2 2001 (7)}) 15... Bh6 (15... Rab8 $14) 16. e3 $16 g5 17. hxg5 (17. Bxb7 gxh4 18. Ne2 (18. Bxa8 Rxa8 19. Ne2 Ng4 $11) 18... Rab8 (18... hxg3 $2 19. Nxg3 Qg6 20. Bxa8 $18) 19. Bxf6 exf6 $19) 17... Ng4 {[%emt 0:03:59][%csl Gg4][%cal Rh5h2] [#]} 18. Rfe1 Bxg5 19. Ne4 (19. Bxb7 Qh2+ 20. Kf1 d5 21. Bxd5 Ne5 $11) (19. Nd5 $1 $16) 19... Bh6 $14 20. Qe2 f5 (20... Qh2+ $11 21. Kf1 Ne5) 21. Nd2 $1 Qh2+ (21... Rad8 $14 {is superior.}) 22. Kf1 $16 Rab8 (22... Rad8 $16 {might work better.}) 23. Qf3 $2 (23. c5 $18) 23... Qh5 24. Ke2 Qf7 25. Rh1 {[%emt 0:01:06] Against Nh2} Bg7 {[%emt 0:00:28] Prevents Kf1} 26. Bxg7 Qxg7 27. Qf4 Qe5 {[%emt 0:00:37] Dodges Bd5} (27... Bf7 $11 {remains equal.}) 28. Qg5+ (28. Qxe5 {simplifies} Nxe5 29. Rh4 Bf7 30. f4) 28... Qg7 29. Qxg7+ Kxg7 30. Nf3 b6 31. Nd4 Bd7 32. Bd5 e5 (32... Kg6 $14) 33. Nb5 {[%emt 0:01:06] White is much more active.} Bxb5 {[%emt 0:00:38] Counterplay White} 34. cxb5 Rbc8 {[%emt 0:00:14] Against Rc7+} 35. Rc6 Rxc6 36. bxc6 {[%emt 0:00:35][%mdl 4096] Endgame KRB-KRN} Rc8 37. e4 fxe4 $2 {[%emt 0:00:13] A mistake that costs the game.} (37... Nf6 $16) 38. Be6 $1 $18 ({Not} 38. Bxe4 Nf6 39. Bg2 d5 $14) 38... Rxc6 {[%emt 0:00:17] White must now prevent ...Rc2+.} 39. Bxg4 {[%emt 0:00:04] KRB-KR} Rc2+ 40. Ke3 d5 41. Rd1 Rc3+ 42. Kd2 d4 43. Re1 Rd3+ 44. Kc2 Rc3+ 45. Kb2 Rd3 46. Rd1 {[%emt 0:01:39] Dodges Rd2+} Rc3 47. Rc1 Rd3 ({Much weaker is} 47... h5 48. Bxh5 Rc5 49. Rxc5 bxc5 50. Bg4 $18) (47... Rxc1 48. Kxc1 Kf6) 48. Rc7+ Kf6 49. Kc2 (49. Rxa7 Rd2+ 50. Ka3 Rxf2 51. Rxh7 e3 $17) 49... a5 50. Be2 Rc3+ 51. Rxc3 dxc3 52. Kxc3 {[%emt 0:00:08] Threatens to win with a4.} Kf5 53. Kd2 {[%emt 0:00:11] Threatening mate with a4.} Ke6 54. Ke3 {[%emt 0:00:37] White mates.} Kd5 55. Bc4+ Kc5 56. a4 {[%emt 0:00:17] Weighted Error Value: White=0.16 (very precise) /Black=0.73  Loses game:     	---       	Black=1      Missed win:     	White=1     	---        Mistake:       	White=1     	Black=8      Inaccurate:     	White=5     	Black=1      OK:         	White=14    	Black=15     Best:        	White=5     	Black=2      Strong:       	White=2     	---} 1-0

[Event "FIDE WSTC Open 50 2025"]
[Site "Prague"]
[Date "2025.02.17"]
[Round "1.24"]
[White "Zielinski, Olgierd"]
[Black "Motuz, Karol"]
[Result "1/2-1/2"]
[Annotator "TA"]
[ECO "C52"]
[WhiteElo "1897"]
[BlackElo "2293"]
[PlyCount "31"]
[EventDate "2025.02.17"]
[EventType "team-tourn"]
[EventCountry "CZE"]
[SourceTitle "playchess.com"]
[Source "ChessBase"]
[SourceQuality "1"]
[TimeControl "40/5400+30:1800+30"]

1. e4 e5 2. Nf3 Nc6 3. Bc4 Bc5 4. b4 Bxb4 5. c3 Ba5 6. d4 d6 7. Qb3 Qd7 8. O-O Bb6 {[%emt 0:08:10] C52: Evans Gambit Accepted: 5 c3 Ba5.} 9. Nbd2 $1 {[%emt 0:02:41] 9.Nbd2 is better than 9.Bb5.} Na5 10. Qc2 Nxc4 {[%emt 0:00:19] The position is equal.} 11. Nxc4 f6 (11... Qc6 $1 $11 {keeps the balance.} 12. Nxb6 axb6) 12. a4 $16 {[%emt 0:10:48] a5 would now be deadly. White has more active pieces.} Qf7 ({Black should play} 12... a6) 13. Qd3 $1 Be6 {[%emt 0:03:48] [#]} 14. Nfd2 Bxc4 $146 (14... Ne7 $16) (14... a6 15. Rb1 Ne7 16. Rxb6 O-O-O 17. Rb2 d5 18. Na5 dxe4 19. Nxe4 Bd5 20. Nc5 Qg6 21. Qxg6 hxg6 22. Naxb7 {1-0 Zhigalko,S (2572)-Kevlishvili,R (2551) Titled Tuesday intern op 17th Sep Early blitz 2024 (5)}) 15. Nxc4 $18 d5 {[%emt 0:01:31] [#]} 16. Nxb6 $2 {[%emt 0:03:24] Black got outplayed after the opening.   Weighted Error Value: White=0.00 (flawless) /Black=0.44  Missed win:     	White=1     	---        Mistake:       	---       	Black=3      OK:         	White=4     	Black=1      Strong:       	White=1     	---} (16. exd5 $1 $18 Qxd5 17. Qe2) 1/2-1/2